 Dungeon Crawl Stone Soup version 0.29-a0-319-gad05b8d819 (webtiles) character file.

Game seed: 18390290039695396998

3285686 mdonais the Slayer (level 26, 285/285 HPs)
             Began as a Mayflytaur Wanderer on Apr 1, 2022.
             Was the Champion of Makhleb.
             Escaped with the Orb
             ... and 3 runes on Apr 2, 2022!
             The game lasted 03:48:28 (22657 turns).

mdonais the Slayer (Mayflytaur Wanderer)           Turns: 22657, Time: 03:48:28

Health: 285/285    AC: 42    Str: 35    XL:     26   Next: 5%
Magic:  47/47      EV: 14    Int: 15    God:    Makhleb [******]
Gold:   3607       SH:  4    Dex: 13    Spells: 25/25 levels left

rFire   + + .      SeeInvis +   d - +7 executioner's axe (freeze)
rCold   + + +      Faith    .   (shield currently unavailable)
rNeg    + + +      Spirit   .   k - +4 gold dragon scales
rPois   +          Reflect  .   j - +2 helmet
rElec   +          Harm     .   h - +2 cloak of the Blue Moon {rF+ Str+6}
rCorr   +          Rampage  .   P - +2 pair of gloves
Will    ++++.                   E - +1 pair of boots "Suruwne" {Fly Int+2}
Stlth   ..........              l - amulet "Worghopn" {RegenMP rElec rC+ Will+ MP+9}
HPRegen 1.37/turn               W - ring "Puam Gul" {AC+4 Str+3}
MPRegen 1.00/turn               L - ring "Qizxoemua" {rC+ rN++ rCorr Dex-3 SInv}

@: flying
A: damage resistance, big wings, negative energy resistance 1, sense
surroundings 3, regeneration 1, magic regeneration, short lifespan, large bone
plates 1, clever 1, clumsy 1, deformed body
0: Orb of Zot
}: 3/15 runes: decaying, silver, gossamer
a: Renounce Religion, Minor Destruction, Lesser Servant of Makhleb, Major
Destruction, Greater Servant of Makhleb


You escaped.
You worshipped Makhleb.
Makhleb was exalted by your worship.
You visited 9 branches of the dungeon, and saw 48 of its levels.
You also visited: Trove, Sewer, Gauntlet, Ice Cave and Desolation.

You collected 5887 gold pieces.
You spent 2280 gold pieces at shops.

Inventory:

Hand Weapons
 c - the +8 Wrath of Trog {antimagic, *Rage Rampage}
   (You acquired it on level 5 of the Realm of Zot)

   It reduces the magical energy of the wielder, and disrupts the spells and
   magical abilities of those it strikes.
   Natural abilities and divine invocations are not affected.
   It causes slowness and exhaustion when equipped.
   It extends the wielder's berserk rage when killing foes.
   *Rage:     It berserks you when you make melee attacks (+50% chance).
   Rampage:   It bestows one free step when moving towards enemies.
 d - a +7 executioner's axe of freezing (weapon)
   (You bought it in a shop on level 2 of the Orcish Mines)
 s - the +8 short sword "Bix Vetwaigu" {drain, rElec rF- Str+4}
   (You found it on level 3 of the Depths)

   A truly terrible weapon, it drains the life of any living foe it strikes.
   Str:       It affects your strength (+4).
   rF:        It makes you vulnerable to fire.
   rElec:     It insulates you from electricity.
Missiles
 v - 12 javelins
 F - 7 curare-tipped darts (quivered)
 Z - 2 throwing nets {=!f}
Armour
 h - the +2 cloak of the Blue Moon (worn) {rF+ Str+6}
   (You found it in the Desolation of Salt)

   Str:       It affects your strength (+6).
   rF:        It protects you from fire.
 j - a +2 helmet (worn)
   (You found it on level 4 of the Vaults)
 k - +4 gold dragon scales (worn)
   (You found it on level 2 of the Depths)
 r - the +2 cloak "Celis" {rPois Int+4 Slay+3}
   (You found it in a Gauntlet)

   Int:       It affects your intelligence (+4).
   Slay:      It affects your accuracy & damage with ranged weapons and melee
   (+3).
   rPois:     It protects you from poison.
 E - the +1 pair of boots "Suruwne" (worn) {Fly Int+2}
   (You found it on level 5 of the Vaults)

   Int:       It affects your intelligence (+2).
   Fly:       It grants you flight.
 P - a +2 pair of gloves (worn)
   (You bought it in a shop on level 1 of the Elven Halls)
Jewellery
 a - the brooch of Shielding {Spirit SH+8}
   (You found it in the Desolation of Salt)

   [amulet of guardian spirit]

   It causes incoming damage to be divided between your reserves of health and
   magic.
   SH:        It affects your SH (+8).
 b - a ring of willpower
   (You found it in the Desolation of Salt)
 f - a ring of protection from fire
   (You found it in a treasure trove)
 l - the amulet "Worghopn" (around neck) {RegenMP rElec rC+ Will+ MP+9}
   (You found it in a treasure trove)

   [amulet of magic regeneration]

   It increases your rate of magic regeneration.
   rC:        It protects you from cold.
   rElec:     It insulates you from electricity.
   MP:        It affects your magic capacity (+9).
   Will:      It increases your willpower.
 t - the amulet of Vitality {Regen+ HP+15}
   (You found it in a treasure trove)

   [amulet of regeneration]

   HP:        It affects your health (+15).
   Regen:     It increases your rate of health regeneration.
 L - the ring "Qizxoemua" (right hand) {rC+ rN++ rCorr Dex-3 SInv}
   (You found it on level 2 of the Orcish Mines)

   [ring of see invisible]

   Dex:       It affects your dexterity (-3).
   rC:        It protects you from cold.
   rN:        It greatly protects you from negative energy.
   SInv:      It lets you see invisible.
   rCorr:     It protects you from acid and corrosion.
 V - the ring "Ykion" {Dex+4 SInv}
   (You found it in a treasure trove)

   [ring of see invisible]

   Dex:       It affects your dexterity (+4).
   SInv:      It lets you see invisible.
 W - the ring "Puam Gul" (left hand) {AC+4 Str+3}
   (You found it on level 2 of the Orcish Mines)

   [ring of protection]

   AC:        It affects your AC (+4).
   Str:       It affects your strength (+3).
Wands
 A - a wand of acid (39)
   (You found it on level 4 of the Dungeon)
 D - a wand of digging (8)
   (You found it on level 3 of the Swamp)
Scrolls
 e - a scroll of fog
 g - 7 scrolls of holy word
 n - 7 scrolls of fear
 p - 5 scrolls of brand weapon
 y - 7 scrolls of immolation
 B - 10 scrolls of blinking
 M - a scroll of magic mapping
 O - 4 scrolls of summoning
 T - 21 scrolls of teleportation
Potions
 i - 2 potions of cancellation
 m - 6 potions of invisibility
 q - 7 potions of heal wounds
 w - 7 potions of mutation
 x - a potion of might
 G - 5 potions of berserk rage
 H - 4 potions of haste
 I - 6 potions of magic
 K - 22 potions of ambrosia
 Q - 20 potions of curing
Miscellaneous
 o - a condenser vane
   (You found it on level 5 of the Vaults)
 u - a phantom mirror
   (You found it on level 5 of the Lair of Beasts)
 S - a lightning rod (4/4)
   (You found it on level 1 of the Lair of Beasts)
 U - a phial of floods
   (You found it on level 5 of the Vaults)
 X - a box of beasts
   (You found it in a Gauntlet)
 Y - a tin of tremorstones (2/2)
   (You found it on level 5 of the Vaults)


   Skills:
 + Level 26.2 Fighting
 - Level 24.0 Axes
 - Level 4.0 Throwing
 + Level 24.4 Armour
 + Level 15.4 Dodging
 - Level 3.6 Stealth
 + Level 20.9 Invocations
 - Level 5.0 Evocations


You had 25 spell levels left.
You didn't know any spells.
Your spell library contained the following spells:

 Spells                   Type           Power      Damage    Failure   Level
 Animate Skeleton         Necr           0%         N/A       80%         1
 Freeze                   Ice            0%         1d3       80%         1
 Magic Dart               Conj           0%         1d3       80%         1
 Pain                     Necr           0%         1d4       80%         1
 Shock                    Conj/Air       0%         1d3       80%         1
 Blink                    Tloc           0%         N/A       91%         2
 Corpse Rot               Necr/Air       0%         N/A       91%         2
 Searing Ray              Conj           0%         2d4       91%         2
 Static Discharge         Conj/Air       0%         N/A       91%         2
 Dazzling Flash           Conj/Hex       0%         N/A       99%         3
 Frozen Ramparts          Ice            0%         1d2       99%         3
 Gell's Gravitas          Tloc           0%         N/A       99%         3
 Inner Flame              Hex/Fire       0%         N/A       99%         3
 Ozocubu's Armour         Ice            0%         N/A       99%         3
 Swiftness                Air            0%         N/A       99%         3
 Teleport Other           Tloc           0%         N/A       99%         3
 Tukima's Dance           Hex            0%         N/A       99%         3
 Vampiric Draining        Necr           0%         2d6       99%         3
 Airstrike                Air            0%         N/A       100%        4
 Animate Armour           Summ/Erth      0%         N/A       100%        4
 Cause Fear               Hex            0%         N/A       100%        4
 Dispel Undead            Necr           0%         3d6       100%        4
 Fulminant Prism          Conj/Hex       0%         3d6       100%        4
 Hailstorm                Conj/Ice       0%         3d3       100%        4
 Ice Form                 Ice/Tmut       0%         N/A       100%        4
 Iskenderun's Mystic Bla  Conj/Tloc      0%         2d3       100%        4
 Passage of Golubria      Tloc           0%         N/A       100%        4
 Summon Ice Beast         Ice/Summ       0%         N/A       100%        4
 Blade Hands              Tmut           0%         N/A       100%        5
 Iskenderun's Battlesphe  Conj           0%         2d6       100%        5
 Lightning Bolt           Conj/Air       0%         1d11      100%        5
 Manifold Assault         Tloc           0%         N/A       100%        5
 Metabolic Englaciation   Hex/Ice        0%         N/A       100%        5
 Yara's Violent Unravell  Hex/Tmut       0%         3d3       100%        5
 Death Channel            Necr           0%         N/A       100%        6
 Dispersal                Tloc           0%         N/A       100%        6
 Iron Shot                Conj/Erth      0%         9d1       100%        6
 Simulacrum               Ice/Necr       0%         N/A       100%        6
 Starburst                Conj/Fire      0%         6d3       100%        6
 Ozocubu's Refrigeration  Ice            0%         4d5       100%        7
 Spellforged Servitor     Conj/Summ      0%         N/A       100%        7
 Storm Form               Tmut/Air       0%         N/A       100%        7
 Discord                  Hex            0%         N/A       100%        8
 Maxwell's Capacitive Co  Air            0%         ∞         100%        8


Dungeon Overview and Level Annotations

Branches:
Dungeon (15/15)            Temple (0/1) D:7            Lair (6/6) D:11
  Swamp (4/4) Lair:2       Spider (4/4) Lair:3        Slime (0/5) Lair:6
    Orc (2/2) D:11            Elf (3/3) Orc:2        Vaults (5/5) D:14
 Depths (4/4) D:15            Zot (5/5) Depths:4      Sewer (visited)
  IceCv (visited)         Desolation (visited)      Gauntlet (visited)
  Crypt: Vaults:2-3

Altars:
Cheibriados
Fedhas
Hepliaklqana
Makhleb
Okawaru
Qazlal
Sif Muna
Trog
Yredelemnul
Zin

Shops:
D:2 (   D:3 :   D:13 ?   Orc:2 *!(:(   Elf:1 [   Elf:2 *(**   Vaults:3 !
Vaults:4 ?*(((   Vaults:5 *   Depths:1 (:[

Portals:
Hell: Depths:1 Depths:4
Abyss: Depths:2 Depths:4
Pandemonium: Orc:2 Depths:2 Depths:3 Depths:4

Annotations:
D:11 2 transporters


Innate Abilities, Weirdness & Mutations

You are resistant to damage.
Your large and strong wings let you fly.
You resist negative energy. (rN+)
You passively map a large area around you.
Your natural rate of healing is unusually fast.
You regenerate magic rapidly.
You are easily found by Zot.
You are partially covered in large bone plates. (SH +4)
Your mind is acute. (Int +2)
You are clumsy. (Dex -2)
Armour fits poorly on your strangely shaped body.


Message History

The profane servitor hits you but does no damage.
The profane servitor hits you with a +1 demon whip of draining.
You take 11 damage, and have 160/285 hp.
You closely miss the Orb Guardian.
The Orb Guardian is almost dead.
You slice the profane servitor!! You freeze the profane servitor.
The Orb Guardian hits you but does no damage.
The profane servitor hits you with a +1 demon whip of draining!
The profane servitor barely misses you.
You take 9 damage, and have 151/285 hp.
You slice the Orb Guardian!! You freeze the Orb Guardian.
You kill the Orb Guardian!
Makhleb accepts your kill.
You feel better.
You slice the profane servitor!! You freeze the profane servitor.
The profane servitor hits you but does no damage. x2
You regained 13 hp, and now have 164/285 hp.
You closely miss the profane servitor.
The profane servitor is severely damaged.
The profane servitor hits you but does no damage. x2
You slice the profane servitor!! You freeze the profane servitor.
The profane servitor is almost destroyed.
The profane servitor hits you but does no damage. x2
You slice the profane servitor!!
You destroy the profane servitor!
Makhleb accepts your kill.
You feel better.
You regained 13 hp, and now have 179/285 hp.
No target in view!
You see here a +1 demon whip of draining.
You regained 2 hp, and now have 181/285 hp.
You regained 3 hp, and now have 186/285 hp.
You regained 2 hp, and now have 189/285 hp.
You regained 2 hp, and now have 192/285 hp.
There is a stone staircase leading up here.
You regained 2 hp, and now have 196/285 hp.
You fly upwards.
There is a stone staircase leading down here.
You regained 3 hp, and now have 199/285 hp.
You regained 2 hp, and now have 202/285 hp.
There is an open door here.
You regained 2 hp, and now have 205/285 hp.
You regained 2 hp, and now have 209/285 hp.
You regained 2 hp, and now have 213/285 hp.
You regained 2 hp, and now have 216/285 hp.
Your magic seems less tainted.
You regained 2 hp, and now have 220/285 hp.
You regained 2 hp, and now have 224/285 hp.
You regained 2 hp, and now have 228/285 hp.
Things that are here:
a +0 halberd; a +0 club You regained 2 hp, and now have 231/285 hp.
You regained 2 hp, and now have 235/285 hp.
You regained 2 hp, and now have 239/285 hp.
There is a stone staircase leading up here.
You regained 2 hp, and now have 242/285 hp.
You are confused.
You feel invigorated.
You regained 5 hp, and now have 247/285 hp.
You regained 4 hp, and now have 251/285 hp.
You regained 7 hp, and now have 258/285 hp.
You regained 5 hp, and now have 263/285 hp.
You feel less invigorated.
You feel less confused.
You regained 4 hp, and now have 267/285 hp.
You regained 2 hp, and now have 269/285 hp.
You fly upwards.
There is a stone staircase leading down here.
You regained 3 hp, and now have 272/285 hp.
Key pressed, stopping travel.
You can't go up here!
You regained 2 hp, and now have 274/285 hp.
(D) Dungeon (T) Temple (L) Lair (S) Swamp (N) Spider Nest (M) Slime Pits (O) Orcish Mines (E) Elven Halls (V) Vaults (U) Depths (H) Hell (Z) Zot
Where to? (Enter - D:9 @ (x,y), ? - help)
Okay, then.
You regained 2 hp, and now have 278/285 hp.
You regained 2 hp, and now have 282/285 hp.
Health restored: 285 An orange demon comes into view.
There is an escape hatch in the ceiling here.
The orange demon stings you but does no damage.
A mysterious force pulls you upwards. The hatch slams shut behind you.
An Orb Guardian comes into view.
You block the Orb Guardian's attack.
You chop the Orb Guardian into pieces!!!
You freeze the Orb Guardian!!
You kill the Orb Guardian!
Makhleb accepts your kill.
No target in view!
An orange demon comes into view.
Aiming: Dig
Press: ? - help, Shift-Dir - straight line A rock wall.
This square is covered in magical glow.
The rock shatters into small pieces.
There is a stone staircase leading up here.
The orange demon barely misses you.
You fly upwards.
There is a stone staircase leading down here.
There is a stone staircase leading up here.
You fly upwards.
There is a stone staircase leading down here.
There is a stone staircase leading up here.
You fly upwards.
There is a stone staircase leading down here.
There is a stone staircase leading up here.
You fly upwards.
There is a stone staircase leading down here.
There is an open door here.
Items here: )))).
There is a stone staircase leading up here.
Things that are here:
a +0 dagger; a +0 hunting sling You fly upwards.
There is a stone staircase leading down here.
There is a stone staircase leading up here.
You fly upwards.
There is a stone staircase leading down here.
A gnoll is nearby!
You can't go up here!
The gnoll shouts!
The gnoll misses you. The gnoll barely misses you.
You chop the gnoll into pieces!!! You freeze the gnoll.
You kill the gnoll!
Makhleb accepts your kill.
No target in view!
There is a stone staircase leading up here.
You fly upwards.
There is a stone staircase leading down here.
Aiming: Dig
Press: ? - help, Shift-Dir - straight line A rock wall.
This square is covered in magical glow.
The rock shatters into small pieces.
You reach down and open the door.
There is an open door here.
As you open the door, it creaks loudly!
There is an open door here.
Aiming: Dig
Press: ? - help, Shift-Dir - straight line A rock wall.
This square is covered in magical glow.
The rock shatters into small pieces.
There is an open door here.
Char dumped successfully.
There is a staircase leading out of the dungeon here.
You have escaped!

, * * * * * ** *### , ,,
* , , , ,, , ,..# *,* , *
*, * # # #.# ** ## ,
**.#.,, .#.##.# , , . * ,
*,#.#.###+###.#.#.######*
#.#.#.....#.#.#.# ...##
#.#.#.....#.#.#.###...##
* +
#.#.+..@..'.....'.'.....
** *
#.#.#.....#.#.#.###...##
* **
#.#.#.....#.#.#.#....###
#.#.###+###.#.#.#####.##
* * ##.#.......#.##.#
##.# *
#.#.###########.#.# ##.
#.................# ##
#########'######### # **
#....#.#.# #


There were no monsters in sight!

Vanquished Creatures
  3 orbs of fire (Zot:5)
  4 dread liches (Zot:5)
  6 ancient liches
  2 juggernauts
  Bai Suzhen (Vaults:5)
  3 Killer Klowns (Zot:5)
  Frederick (Vaults:2)
  A curse toe (Zot:5)
  6 golden dragons
  A profane servitor (D:11)
  2 electric golems (Zot:5)
  A Brimstone Fiend (D:14)
  10 tentacled monstrosities
  A walking crystal tome (Depths:2)
  5 titans
  27 Orb Guardians
  A walking divine tome (Depths:3)
  7 quicksilver dragons
  Asterion (Spider:2)
  3 liches
  A deep elf blademaster (Elf:2)
  3 death cobs
  2 Executioners
  Frances (D:14)
  9 storm dragons
  3 sphinxes
  5 shadow dragons
  Agnes (Spider:1)
  10 tengu reavers
  4 draconian monks
  Kirke (D:15)
  The ghost of fragbeetle the Severer, a journeyman TrCA of Wu Jian (Orc:2)
  7 fire giants
  2 demonspawn warmongers (D:12)
  2 imperial myrmidons (Desolation)
  A frost giant (shapeshifter) (Vaults:5)
  19 vault wardens
  3 emperor scorpions
  Louise (D:14)
  2 deep elf sorcerers (Vaults:5)
  Aizul (Swamp:3)
  4 spectral caustic shrikes (Depths:4)
  A draconian knight (Zot:5)
  13 frost giants
  2 ghost moths
  A draconian scorcher (Zot:5)
  An iron dragon (Depths:3)
  8 ironbound preservers
  3 draconian annihilators
  16 very ugly things
  2 draconian stormcallers
  A spriggan defender (Depths:3)
  A reaper (IceCv)
  4 ironbound thunderhulks
  A war gargoyle (Desolation)
  7 broodmothers
  12 stone giants
  2 green draconians
  3 deep elf annihilators
  A halazid warlock (Desolation)
  A minotaur (Gauntlet)
  The ghost of Zyben the Protected, a journeyman GrEE of Ashenzari (D:15)
  3 purple draconians
  A deep elf demonologist (Vaults:5)
  9 black draconians
  3 yellow draconians
  6 eleionomae
  7 red draconians
  2 spark wasps (Spider:3)
  10 dire elephants
  9 bunyips
  4 white draconians
  6 entropy weavers
  A deep elf death mage (Vaults:5)
  A merfolk javelineer (Depths:2)
  13 ettins
  A merfolk impaler (Depths:4)
  2 jiangshi (Depths:1)
  13 fire dragons
  A shambling mangrove (Swamp:4)
  19 yaktaur captains
  8 great orbs of eyes
  9 ragged hierophants
  An ice dragon (shapeshifter) (Vaults:3)
  Erolcha (Orc:2)
  A hell beast (Depths:4)
  2 spriggan air magi
  4 rakshasas
  30 vault guards
  A ghost crab (Swamp:2)
  3 catoblepae
  10 boulder beetles
  A caustic shrike simulacrum (D:15)
  7 servants of whispers (Desolation)
  2 demonspawn (Orc:2)
  2 ironbound frosthearts
  8 peacekeepers (Desolation)
  23 hydras
  10 centaur warriors
  17 ice dragons
  A spectral sphinx (D:15)
  A merfolk avatar (Lair:6)
  2 ogre magi (Vaults:5)
  9 two-headed ogres
  9 alligators
  3 deep troll shamans
  A death knight (D:12)
  10 orc high priests
  6 deep troll earth magi
  8 tengu warriors
  12 dancing weapons
  A vampire mage (Depths:1)
  11 deep elf knights
  4 spriggan berserkers
  A sun demon (Orc:2)
  2 hell knights (Depths:3)
  A soul eater (Depths:4)
  Sonja (Lair:6)
  6 pharaoh ants
  2 fire crabs (Swamp:4)
  4 goliath frogs
  A shadow wraith (Vaults:5)
  A sun moth (Spider:4)
  7 steelbarb worms
  6 iron trolls
  4 skeletal warriors
  3 spriggan druids
  A glowing orange brain (shapeshifter) (Depths:3)
  A shadow demon (Depths:4)
  3 glowing orange brains
  4 bog bodies
  9 deep elf archers
  10 orb spiders
  26 deep trolls
  18 ironbound convokers
  Pikel (D:5)
  5 lindwurms
  A spectral iron dragon (D:15)
  11 swamp dragons
  8 wizards
  21 deep elf pyromancers
  11 wolf spider zombies (Spider:2)
  5 necromancers
  A spectral spriggan (D:15)
  A phantasmal warrior (Vaults:5)
  20 deep elf zephyrmancers
  15 wolf spiders
  4 harpies
  40 ugly things
  A fire giant zombie (D:15)
  6 orc sorcerers
  9 orc knights
  10 will-o-the-wisps
  4 manticores
  7 cyclopes
  12 moths of wrath
  6 black mambas
  12 vault sentinels
  An orange demon (Orc:2)
  5 guardian serpents (Desolation)
  5 elephants (Lair:6)
  4 gargoyles
  A torpor snail (Spider:2)
  2 large abominations (Depths:4)
  15 cane toads
  2 ice statues (IceCv)
  4 centaur skeletons (D:14)
  A kobold demonologist (D:14)
  2 unseen horrors
  6 molten gargoyles (Desolation)
  6 redback zombies (Spider:2)
  Maggie (D:6)
  36 yaktaurs
  5 demonic crawlers
  9 komodo dragons
  3 tengu conjurers
  A hellwing (Depths:4)
  2 freezing wraiths
  3 rime drakes (Lair:6)
  2 entropy weaver simulacra (IceCv)
  5 ice devils (IceCv)
  2 polar bears (D:14)
  4 trolls
  2 red devils
  9 meliai
  2 queen bees
  7 tyrant leeches
  2 wind drakes (Lair:6)
  29 tarantellas
  A polar bear (shapeshifter) (D:13)
  Grinder (D:4)
  2 culicivora zombies (Spider:2)
  6 blink frogs
  9 dream sheep
  42 saltlings
  17 slime creatures
  A stone giant simulacrum (D:15)
  9 tarantella zombies (Spider:2)
  An ettin zombie (D:15)
  9 hornets
  25 jumping spiders
  A snapping turtle (Lair:6)
  3 vampires
  25 culicivoras
  2 shadows
  8 spriggans
  3 water elementals
  A wraith (D:9)
  61 yaks
  2 air elementals (Elf:1)
  8 wyverns
  5 hogs (D:15)
  2 death yak simulacra (IceCv)
  4 basilisks
  2 chaos spawn (Orc:2)
  A neqoxec (Depths:4)
  The ghost of CowFu the Slasher, an amateur DsFi of Cheibriados (D:4)
  3 fire elementals
  9 steam dragons
  3 vampire mosquitoes (D:10)
  77 redbacks
  2 wargs (Orc:2)
  A harpy simulacrum (IceCv)
  16 swamp worms
  2 acid dragons
  A floating eye (Depths:1)
  18 water moccasins
  A sky beast (D:7)
  8 swamp drakes
  33 orc warriors
  4 black bears
  6 ogres
  10 wolves
  6 centaurs
  4 kobold brigands
  11 bullfrogs
  3 gnoll sergeants
  5 scorpions
  A human simulacrum (D:15)
  An earth elemental (Elf:2)
  3 two-headed ogre simulacra (IceCv)
  A wight (D:7)
  2 cane toad simulacra (IceCv)
  2 elephant simulacra (IceCv)
  42 killer bees
  4 electric eels (D:11)
  4 howler monkeys
  A hound (D:5)
  2 jellies
  A gnoll shaman (D:7)
  17 orc priests
  4 iguanas
  16 orc wizards
  3 hell rats (Lair:3)
  A troll simulacrum (IceCv)
  A wolf simulacrum (IceCv)
  5 spriggan simulacra
  4 hound zombies (D:4)
  Robin (D:4)
  7 adders
  32 gnolls
  3 naga simulacra (IceCv)
  6 river rats
  2 shadow imps (Gauntlet)
  9 white imps
  4 ufetubi
  An adder zombie (D:4)
  A worm (D:3)
  2 dart slugs
  45 orcs
  6 ball pythons
  8 bats
  3 endoplasms
  A giant cockroach (D:1)
  11 goblins
  9 hobgoblins
  2 quokkas
  2 frilled lizards
  16 kobolds
  12 rats
  A plant (Depths:2)
1853 creatures vanquished.

Vanquished Creatures (collateral kills)
  A dread lich (Zot:5)
  A Killer Klown (Zot:5)
  An Orb Guardian (Zot:5)
  A deep elf annihilator (Elf:1)
  A dancing weapon (Elf:1)
  6 deep elf pyromancers (Elf:1)
  A cane toad (Lair:1)
  A tyrant leech (Lair:2)
  4 dream sheep
  A bullfrog (Lair:1)
  5 white imps
23 creatures vanquished.

Vanquished Creatures (others)
  A deep elf pyromancer (Elf:1)
  A molten gargoyle (Desolation)
  3 bloated husks
  A swamp drake (Swamp:4)
  A boggart (Vaults:4)
  An orc (Vaults:5)
  26 foxfires
  11 fungi
  67 plants
112 creatures vanquished.

Grand Total: 1988 creatures vanquished

Notes
Turn   | Place    | Note
-------+----------+-------------------------------------------
     0 | D:1      | mdonais the Mayflytaur Wanderer began the quest for the
                  | Orb.
     0 | D:1      | mdonais set off with the following items: a +0 club, a
                  | potion of lignification, a scroll of vulnerability, a
                  | scroll of fear, a +2 leather armour
     0 | D:1      | Reached XP level 1. HP: 18/18 MP: 2/2
    95 | D:1      | Glimpsed the power of Zot.
   109 | D:1      | Reached skill level 2 in Fighting
   111 | D:1      | Reached XP level 2. HP: 23/26 MP: 3/3
   271 | D:2      | Gained mutation: Your body sometimes deteriorates upon
                  | taking damage. [potion of mutation]
   274 | D:2      | Reached skill level 3 in Fighting
   274 | D:2      | Reached XP level 3. HP: 16/34 MP: 4/4
   352 | D:2      | Found Ahejal's Antique Weapon Shop.
   368 | D:2      | Lost mutation: Your body sometimes deteriorates upon taking
                  | damage. [potion of mutation]
   368 | D:2      | Gained mutation: You are partially covered in large bone
                  | plates. (SH +4) [potion of mutation]
   368 | D:2      | Gained mutation: Your mind is acute. (Int +2) [potion of
                  | mutation]
   416 | D:2      | You are sucked into a shaft and drop 1 floor!
   434 | D:2      | Reached skill level 4 in Fighting
   434 | D:2      | Reached XP level 4. HP: 25/44 MP: 5/5
   559 | D:3      | Found a glowing drain.
   599 | Sewer    | Entered a sewer
   638 | Sewer    | Noticed a water moccasin
   658 | Sewer    | Killed a water moccasin
   659 | Sewer    | Reached skill level 6 in Fighting
   659 | Sewer    | Reached XP level 5. HP: 30/55 MP: 6/6
   690 | Sewer    | Glimpsed the power of Zot.
   885 | D:3      | Found Sureok's Book Emporium.
   946 | D:3      | Gained mutation: You regenerate magic rapidly. [Mayflytaur
                  | growth]
   946 | D:3      | Reached XP level 6. HP: 59/62 MP: 7/7
   959 | D:3      | Glimpsed the power of Zot.
   997 | D:2      | Reached skill level 1 in Armour
  1050 | D:4      | Noticed Robin
  1068 | D:4      | Killed Robin
  1119 | D:4      | Reached skill level 7 in Fighting
  1125 | D:4      | Noticed Grinder
  1136 | D:4      | Killed Grinder
  1137 | D:4      | Reached skill level 8 in Fighting
  1137 | D:4      | Reached XP level 7. HP: 74/74 MP: 8/8
  1176 | D:4      | Found a basalt altar of Yredelemnul.
  1396 | D:4      | Reached skill level 9 in Fighting
  1413 | D:5      | Entered Level 5 of the Dungeon
  1458 | D:5      | Reached XP level 8. HP: 81/85 MP: 9/9
  1499 | D:5      | Noticed Pikel
  1549 | D:5      | Killed Pikel
  1550 | D:5      | Reached skill level 10 in Fighting
  1561 | D:5      | Found a burning altar of Makhleb.
  1588 | D:5      | Became a worshipper of Makhleb the Destroyer
  1636 | D:4      | Found a runed translucent door.
  1637 | D:4      | Noticed CowFu's ghost (amateur DsFi)
  1770 | D:4      | Killed CowFu's ghost
  1771 | D:4      | Reached skill level 11 in Fighting
  1859 | D:5      | Gained mutation: You passively map the area around you.
                  | [Mayflytaur growth]
  1859 | D:5      | Reached XP level 9. HP: 73/97 MP: 10/10
  2023 | D:6      | Found a stormy altar of Qazlal.
  2082 | D:6      | Noticed Maggie
  2094 | D:6      | Killed Maggie
  2132 | D:6      | Found a bloodstained altar of Trog.
  2155 | D:6      | Reached skill level 1 in Axes
  2316 | D:2      | Bought a glowing broad axe for 189 gold pieces
  2476 | D:7      | Found a staircase to the Ecumenical Temple.
  2520 | D:7      | Found a glowing silver altar of Zin.
  2520 | D:7      | Found a snail-covered altar of Cheibriados.
  2598 | D:7      | Reached * piety under Makhleb
  2690 | D:8      | Reached skill level 5 in Axes
  2704 | D:8      | Reached XP level 10. HP: 73/106 MP: 12/12
  3066 | D:9      | Identified the +1 robe of Divine Compulsion {rN++ MP+9}
  3083 | D:9      | Reached skill level 5 in Armour
  3187 | D:9      | Reached ** piety under Makhleb
  3249 | D:9      | Reached skill level 10 in Axes
  3329 | D:10     | Entered Level 10 of the Dungeon
  3598 | D:10     | Reached XP level 11. HP: 114/114 MP: 13/13
  3856 | D:10     | Found a hazy altar of Hepliaklqana.
  3868 | D:10     | Found a blossoming altar of Fedhas.
  4025 | D:11     | Reached *** piety under Makhleb
  4086 | D:11     | Noticed a wolf spider
  4092 | D:11     | Killed a wolf spider
  4192 | D:11     | Found a staircase to the Lair.
  4201 | D:11     | Noticed an orc sorcerer
  4202 | D:11     | Found a transporter.
  4202 | D:11     | Noticed an orc high priest
  4207 | D:11     | Found a transporter.
  4233 | D:11     | Reached skill level 5 in Invocations
  4356 | D:11     | Found a staircase to the Orcish Mines.
  4503 | D:11     | Noticed a six-headed hydra
  4515 | D:11     | Killed a six-headed hydra
  4653 | Lair:1   | Entered Level 1 of the Lair of Beasts
  4664 | Lair:1   | Gained mutation: Your natural rate of healing is unusually
                  | fast. [Mayflytaur growth]
  4664 | Lair:1   | Reached XP level 12. HP: 59/121 MP: 12/17
  4747 | Lair:1   | Glimpsed the power of Zot.
  4796 | Lair:1   | Reached **** piety under Makhleb
  4834 | Lair:1   | Found a hazy altar of Hepliaklqana.
  4932 | Lair:2   | Found a staircase to the Swamp.
  5000 | Lair:2   | Reached skill level 10 in Armour
  5335 | Lair:2   | Glimpsed the power of Zot.
  5352 | Lair:3   | Noticed a seven-headed hydra
  5365 | Lair:3   | Killed a seven-headed hydra
  5437 | Lair:3   | Glimpsed the power of Zot.
  5501 | Lair:3   | Noticed a five-headed hydra
  5514 | Lair:3   | Killed a five-headed hydra
  5707 | Lair:3   | Found a hole to the Spider Nest.
  5749 | Lair:3   | Reached ***** piety under Makhleb
  5896 | Lair:3   | Reached XP level 13. HP: 124/128 MP: 16/18
  6015 | Lair:4   | Identified the +3 leather armour of Card Tricks {rPois MP-9
                  | Str+4 Int+7}
  6041 | Lair:4   | Reached skill level 15 in Axes
  6041 | Lair:4   | Glimpsed the power of Zot.
  6227 | Lair:5   | Found a gate leading to a gauntlet.
  6246 | Gauntlet | Entered a Gauntlet
  6246 | Gauntlet | Found a transporter.
  6246 | Gauntlet | Found a transporter.
  6246 | Gauntlet | Found a transporter.
  6247 | Gauntlet | Found a transporter.
  6250 | Gauntlet | Found a transporter.
  6251 | Gauntlet | Found a transporter.
  6257 | Gauntlet | Found a transporter.
  6260 | Gauntlet | Found a transporter.
  6262 | Gauntlet | Found a transporter.
  6262 | Gauntlet | Found a transporter.
  6270 | Gauntlet | Found a transporter.
  6274 | Gauntlet | Found a transporter.
  6346 | Gauntlet | Glimpsed the power of Zot.
  6412 | Gauntlet | Identified the +2 cloak "Celis" {rPois Int+4 Slay+3}
  6435 | Gauntlet | Noticed a minotaur
  6448 | Gauntlet | Killed a minotaur
  6457 | Gauntlet | Identified the +1 ring mail of the Cobbler {rC+}
  6457 | Gauntlet | Identified the +8 hand axe of Doohanni {drain, rPois}
  6534 | Lair:5   | Found a frozen archway.
  6552 | IceCv    | Entered an ice cave
  6658 | IceCv    | Reached skill level 12 in Fighting
  6658 | IceCv    | Glimpsed the power of Zot.
  6736 | IceCv    | Noticed a reaper
  6745 | IceCv    | Killed a reaper
  6904 | Lair:5   | Reached ****** piety under Makhleb
  7137 | Lair:5   | Glimpsed the power of Zot.
  7139 | Lair:5   | Gained mutation: You resist negative energy. (rN+)
                  | [Mayflytaur growth]
  7139 | Lair:5   | Reached XP level 14. HP: 137/139 MP: 16/19
  7217 | Lair:6   | Entered Level 6 of the Lair of Beasts
  7236 | Lair:6   | Reached skill level 13 in Fighting
  7257 | Lair:6   | Noticed Sonja
  7276 | Lair:6   | Killed Sonja
  7567 | Lair:6   | Found a staircase to the Slime Pits.
  7677 | Lair:6   | Found the +7 captain's cutlass {speed, disarm}
  7683 | Lair:6   | Reached skill level 14 in Fighting
  7769 | Lair:4   | Glimpsed the power of Zot.
  7941 | Orc:1    | Entered Level 1 of the Orcish Mines
  7996 | Orc:2    | Entered Level 2 of the Orcish Mines
  8016 | Orc:2    | Found Esiab's Antique Weapon Shoppe.
  8027 | Orc:2    | Bought a glowing executioner's axe for 286 gold pieces
  8121 | Orc:2    | Found a transporter.
  8122 | Orc:2    | Noticed fragbeetle's ghost (journeyman TrCA)
  8130 | Orc:2    | Found a transporter.
  8140 | Orc:2    | Killed fragbeetle's ghost
  8142 | Orc:2    | Glimpsed the power of Zot.
  8154 | Orc:2    | Identified the ring "Qizxoemua" {rC+ rN++ rCorr Dex-3 SInv}
  8156 | Orc:2    | Identified the ring "Puam Gul" {AC+4 Str+3}
  8204 | Orc:2    | Found Jec Ihal's Distillery.
  8206 | Orc:2    | Found Amaiwn's General Store.
  8206 | Orc:2    | Noticed Erolcha
  8231 | Orc:2    | Killed Erolcha
  8234 | Orc:2    | Reached XP level 15. HP: 141/151 MP: 16/20
  8247 | Orc:2    | Bought a potion of heal wounds for 60 gold pieces
  8251 | Orc:2    | Bought a scroll of identify for 26 gold pieces
  8252 | Orc:2    | Reached XP level 16. HP: 156/159 MP: 18/21
  8385 | Orc:2    | Found Inetol's Antique Weapon Boutique.
  8385 | Orc:2    | Found a one-way gate leading to the halls of Pandemonium.
  8385 | Orc:2    | Found Juqof's Book Shop.
  8435 | Orc:2    | Bought a potion of magic for 96 gold pieces
  8435 | Orc:2    | Bought a potion of curing for 36 gold pieces
  8435 | Orc:2    | Bought a potion of curing for 36 gold pieces
  8435 | Orc:2    | Bought a potion of curing for 36 gold pieces
  8437 | Orc:2    | Bought a scroll of teleportation for 39 gold pieces
  8581 | Orc:2    | Found a staircase to the Elven Halls.
  8610 | Elf:1    | Entered Level 1 of the Elven Halls
  8610 | Elf:1    | Found a runed translucent gate.
  8610 | Elf:1    | Found a runed translucent gate.
  8610 | Elf:1    | Found a runed translucent gate.
  8610 | Elf:1    | Found a runed translucent gate.
  8610 | Elf:1    | Found a runed translucent gate.
  8610 | Elf:1    | Found a runed translucent gate.
  8612 | Elf:1    | Found a runed translucent door.
  8622 | Elf:1    | Found a runed translucent door.
  8714 | Elf:1    | Glimpsed the power of Zot.
  8735 | Elf:1    | Paralysed by an air elemental for 1 turns
  8737 | Elf:1    | Paralysed by an air elemental for 1 turns
  8979 | Elf:1    | Found Yciet's Antique Armour Shop.
  8983 | Elf:1    | Bought a pair of embroidered gloves for 232 gold pieces
  9042 | Elf:1    | Reached skill level 15 in Armour
  9125 | Elf:1    | Glimpsed the power of Zot.
  9145 | Elf:2    | Found Gucwyown's General Store.
  9157 | Elf:2    | Found Waup's Assorted Antiques.
  9170 | Elf:2    | Bought a scroll of enchant weapon for 172 gold pieces
  9170 | Elf:2    | Bought a scroll of blinking for 172 gold pieces
  9177 | Elf:2    | Found Haqoiry's Antique Weapon Shop.
  9247 | Elf:2    | Reached skill level 15 in Fighting
  9250 | Elf:2    | Reached XP level 17. HP: 170/170 MP: 23/25
  9252 | Elf:2    | Reached skill level 10 in Invocations
  9260 | Elf:2    | Found Zeheisih's General Store.
  9271 | Elf:2    | Bought a scroll of enchant weapon for 90 gold pieces
  9271 | Elf:2    | Bought 2 scrolls of blinking for 180 gold pieces
  9319 | Elf:2    | Glimpsed the power of Zot.
  9324 | Elf:3    | Entered Level 3 of the Elven Halls
  9405 | Elf:2    | Found a crumbling gateway.
  9419 | Desolati | Entered the Desolation of Salt
  9468 | Desolati | Identified the +7 short sword of Xom's Hope {vamp, Dex+3}
  9511 | Desolati | Glimpsed the power of Zot.
  9536 | Desolati | Found the brooch of Shielding {Spirit SH+8}
  9604 | Desolati | Identified the +2 cloak of the Blue Moon {rF+ Str+6}
  9785 | Desolati | Reached skill level 16 in Fighting
  9843 | Elf:2    | Glimpsed the power of Zot.
 10053 | Elf:2    | Found a runed translucent gate.
 10053 | Elf:2    | Found a runed translucent gate.
 10053 | Elf:2    | Found a runed translucent gate.
 10079 | Elf:2    | Gained mutation: You passively map a large area around you.
                  | [Mayflytaur growth]
 10079 | Elf:2    | Reached XP level 18. HP: 141/183 MP: 21/28
 10082 | Elf:2    | Noticed a deep elf blademaster
 10096 | Elf:2    | Killed a deep elf blademaster
 10232 | Elf:1    | Paralysed by an air elemental for 1 turns
 10285 | Orc:1    | Glimpsed the power of Zot.
 10458 | Spider:1 | Entered Level 1 of the Spider Nest
 10530 | Spider:1 | Reached skill level 17 in Fighting
 10566 | Spider:1 | Glimpsed the power of Zot.
 10576 | Spider:1 | Noticed Agnes
 10582 | Spider:1 | Killed Agnes
 10675 | Spider:2 | Glimpsed the power of Zot.
 10724 | Spider:2 | Noticed Asterion
 10737 | Spider:2 | Killed Asterion
 11044 | Spider:3 | Reached skill level 18 in Fighting
 11248 | Spider:4 | Entered Level 4 of the Spider Nest
 11525 | Spider:4 | Reached XP level 19. HP: 195/195 MP: 17/29
 11576 | Spider:4 | Got a gossamer rune of Zot
 11961 | Spider:2 | Glimpsed the power of Zot.
 12334 | Spider:2 | Identified the +2 chain mail "Myn Kisa" {Int+2 Stlth+}
 12501 | Spider:1 | Glimpsed the power of Zot.
 12689 | Swamp:1  | Entered Level 1 of the Swamp
 12799 | Swamp:1  | Glimpsed the power of Zot.
 12923 | Swamp:2  | Glimpsed the power of Zot.
 13132 | Swamp:3  | Noticed Aizul
 13139 | Swamp:3  | Killed Aizul
 13275 | Swamp:3  | Reached skill level 19 in Fighting
 13469 | Swamp:4  | Entered Level 4 of the Swamp
 13474 | Swamp:4  | Reached XP level 20. HP: 208/208 MP: 31/31
 13650 | Swamp:4  | Got a decaying rune of Zot
 13748 | Swamp:4  | Found an iron altar of Okawaru.
 14186 | Swamp:1  | Glimpsed the power of Zot.
 14439 | D:12     | Found a portal to a secret trove of treasure.
 14451 | D:12     | You paid a toll of 6 scrolls of fog to enter a treasure
                  | trove
 14452 | Trove    | Entered a treasure trove
 14456 | Trove    | Found the amulet of Vitality {Regen+ HP+15}
 14460 | Trove    | Identified the ring "Teirash" {Int+6 Dex+4 SInv}
 14467 | Trove    | Identified the amulet "Worghopn" {RegenMP rElec rC+ Will+
                  | MP+9}
 14473 | Trove    | Identified the ring "Ucsegin" {rPois Str+2}
 14478 | Trove    | Identified the ring of False Pretenses {MP+9 Str-4 Int+9
                  | Dex+3}
 14486 | Trove    | Identified the ring "Ykion" {Dex+4 SInv}
 14720 | D:12     | Reached skill level 5 in Evocations
 14901 | D:13     | Found Sekuklip's Magic Scroll Boutique.
 14914 | D:13     | Bought a scroll of blinking for 105 gold pieces
 14914 | D:13     | Bought a scroll of blinking for 105 gold pieces
 14914 | D:13     | Bought a scroll of enchant weapon for 105 gold pieces
 15309 | D:14     | Found a bloodstained altar of Trog.
 15445 | D:14     | Found a gate to the Vaults.
 15502 | Vaults:1 | Entered Level 1 of the Vaults
 15540 | Vaults:1 | Reached skill level 10 in Dodging
 15609 | Vaults:1 | Reached skill level 15 in Invocations
 15620 | Vaults:1 | Glimpsed the power of Zot.
 15909 | Vaults:2 | Reached skill level 20 in Fighting
 16161 | Vaults:2 | Noticed Frederick
 16170 | Vaults:2 | Killed Frederick
 16180 | Vaults:2 | Reached XP level 21. HP: 206/219 MP: 33/33
 16198 | Vaults:3 | Found Feshrok's Distillery.
 16206 | Vaults:3 | Bought a potion of invisibility for 152 gold pieces
 16391 | Vaults:4 | Found Rueng's Weapon Boutique.
 16433 | Vaults:4 | Bought 3 curare-tipped darts for 28 gold pieces
 16500 | Vaults:4 | Found Zipriul's Antique Weapon Shoppe.
 16555 | Vaults:4 | Found Realufi's Magic Scroll Emporium.
 16561 | Vaults:4 | Bought a scroll of enchant armour for 135 gold pieces
 16650 | Vaults:5 | Entered Level 5 of the Vaults
 16674 | Vaults:5 | Reached skill level 21 in Fighting
 16680 | Vaults:5 | Noticed an ancient lich
 16689 | Vaults:5 | Noticed an ancient lich
 16693 | Vaults:5 | Killed an ancient lich
 16702 | Vaults:5 | Killed an ancient lich
 16706 | Vaults:5 | Reached XP level 22. HP: 234/234 MP: 35/35
 16737 | Vaults:5 | Noticed a golden dragon
 16744 | Vaults:5 | Noticed a golden dragon
 16836 | Vaults:4 | Reached skill level 22 in Fighting
 16902 | Vaults:4 | Found Ywkiw's Assorted Antiques.
 16932 | Vaults:4 | Found Ceizuz's Antique Weapon Shoppe.
 17094 | Vaults:4 | Killed a golden dragon
 17347 | Vaults:5 | Killed a golden dragon
 17377 | Vaults:5 | Identified the +4 demon trident of Kevyow {flame, *Noise
                  | rElec rF+ Int+2}
 17380 | Vaults:5 | Identified the +1 hunting sling of Doom {speed, rF- rC+
                  | rCorr Dex+2}
 17385 | Vaults:5 | Got a silver rune of Zot
 17512 | Vaults:5 | Noticed Bai Suzhen
 17512 | Vaults:5 | Found the +7 great mace "Undeadhunter" {disrupt, rN+}
 17521 | Vaults:5 | Killed Bai Suzhen
 17530 | Vaults:5 | Identified the +10 flail of the Shrike {venom, rElec Int+2
                  | SInv}
 17588 | Vaults:5 | Identified the -1 pair of boots of Pegoages {rN+}
 17663 | Vaults:5 | Glimpsed the power of Zot.
 17774 | Vaults:5 | Found Wurref's Assorted Antiques.
 17825 | Vaults:5 | Reached skill level 23 in Fighting
 17910 | Vaults:5 | Identified the +9 short sword of Gesap {elec, rC+}
 17925 | Vaults:5 | Identified the +1 pair of boots "Suruwne" {Fly Int+2}
 17986 | Vaults:5 | Identified the +9 glaive "Undertaker" {holy, rElec rCorr
                  | Dex+6 Stlth-}
 18180 | Vaults:5 | Glimpsed the power of Zot.
 18484 | D:14     | Identified a scroll of acquirement
 18489 | D:14     | Acquired 580 gold pieces
 18494 | D:14     | Noticed Louise
 18511 | D:14     | Killed Louise
 18745 | D:15     | Entered Level 15 of the Dungeon
 18812 | D:15     | Noticed Kirke
 18829 | D:15     | Killed Kirke
 18888 | D:15     | Reached XP level 23. HP: 249/249 MP: 36/36
 19014 | D:15     | Found a runed translucent gate.
 19014 | D:15     | Found a runed translucent gate.
 19015 | D:15     | Found a runed translucent gate.
 19017 | D:15     | Noticed Zyben's ghost (journeyman GrEE)
 19042 | D:15     | Killed Zyben's ghost
 19166 | D:15     | Found a staircase to the Depths.
 19193 | Depths:1 | Entered Level 1 of the Depths
 19200 | Depths:1 | Found Reewousu's Book Shoppe.
 19209 | Depths:1 | Found Wiamoh's Weapon Shoppe.
 19289 | Depths:1 | Reached skill level 24 in Fighting
 19295 | Depths:1 | Glimpsed the power of Zot.
 19319 | Depths:1 | Paralysed by a floating eye for 3 turns
 19329 | Depths:1 | Paralysed by a floating eye for 2 turns
 19446 | Depths:1 | Found Maonki Kihi's Antique Armour Shoppe.
 19469 | Depths:2 | Found a one-way gate to the infinite horrors of the Abyss.
 19558 | Depths:1 | Found a gateway to Hell.
 19668 | Depths:2 | Noticed a golden dragon
 19706 | Depths:2 | Killed a golden dragon
 20065 | Depths:3 | Identified the +8 short sword "Bix Vetwaigu" {drain, rElec
                  | rF- Str+4}
 20083 | Depths:3 | Noticed a juggernaut
 20084 | Depths:3 | Glimpsed the power of Zot.
 20090 | Depths:3 | Killed a juggernaut
 20219 | Depths:4 | Entered Level 4 of the Depths
 20261 | Depths:4 | Reached XP level 24. HP: 261/261 MP: 37/37
 20294 | Depths:4 | Noticed a juggernaut
 20305 | Depths:4 | Killed a juggernaut
 20371 | Depths:4 | Found a gate to the Realm of Zot.
 20422 | Depths:4 | Found a shimmering blue altar of Sif Muna.
 20735 | Depths:4 | Identified the +0 cloak of Dithmenos's Respect {rPois rF+
                  | Stlth+}
 20752 | Depths:4 | Glimpsed the power of Zot.
 20796 | Zot:1    | Entered Level 1 of the Realm of Zot
 20963 | Zot:2    | You are sucked into a shaft and drop 1 floor!
 20983 | Zot:2    | Reached skill level 25 in Fighting
 21338 | Zot:5    | Entered Level 5 of the Realm of Zot
 21457 | Zot:5    | Reached XP level 25. HP: 262/273 MP: 37/37
 21459 | Zot:5    | Noticed an orb of fire
 21469 | Zot:5    | Killed an orb of fire
 21469 | Zot:5    | Noticed an orb of fire
 21474 | Zot:5    | Gained mutation: Armour fits poorly on your strangely
                  | shaped body. [an orb of fire]
 21478 | Zot:5    | Gained mutation: You are clumsy. (Dex -2) [an orb of fire]
 21487 | Zot:5    | Killed an orb of fire
 21487 | Zot:5    | Noticed an ancient lich
 21492 | Zot:5    | Killed an ancient lich
 21496 | Zot:5    | Noticed a Killer Klown
 21496 | Zot:5    | Noticed a dread lich
 21496 | Zot:5    | Noticed a dread lich
 21496 | Zot:5    | Noticed a Killer Klown
 21496 | Zot:5    | Noticed a dread lich
 21496 | Zot:5    | Noticed a dread lich
 21513 | Zot:5    | Killed a dread lich
 21516 | Zot:5    | Killed a dread lich
 21518 | Zot:5    | Killed a dread lich
 21527 | Zot:5    | Killed a dread lich
 21527 | Zot:5    | Noticed a dread lich
 21537 | Zot:5    | Killed a dread lich
 21542 | Zot:5    | Killed a Killer Klown
 21547 | Zot:5    | Killed a Killer Klown
 21564 | Zot:5    | Noticed a Killer Klown
 21570 | Zot:5    | Noticed a Killer Klown
 21582 | Zot:5    | Killed a Killer Klown
 21586 | Zot:5    | Killed a Killer Klown
 21726 | Zot:5    | Noticed an orb of fire
 21738 | Zot:5    | Killed an orb of fire
 21749 | Zot:5    | Noticed an ancient lich
 21750 | Zot:5    | Noticed an ancient lich
 21759 | Zot:5    | Killed an ancient lich
 21761 | Zot:5    | Killed an ancient lich
 21848 | Zot:5    | Reached skill level 26 in Fighting
 21855 | Zot:5    | Reached skill level 15 in Dodging
 21987 | Zot:5    | Acquired the +8 Wrath of Trog {antimagic, *Rage Rampage}
 21987 | Zot:5    | Found the +8 Wrath of Trog {antimagic, *Rage Rampage}
 22017 | Zot:5    | Got the Orb of Zot
 22098 | Zot:2    | Noticed Siecros the pandemonium lord
 22108 | Zot:1    | Noticed an ancient lich
 22108 | Zot:1    | Noticed Ysynoff the pandemonium lord
 22117 | Depths:4 | Killed an ancient lich
 22147 | Depths:4 | Noticed Yzeoreid the pandemonium lord
 22292 | D:14     | Noticed Frances
 22320 | D:14     | Killed Frances
 22397 | D:12     | Reached XP level 26. HP: 273/285 MP: 38/38
 22657 | D:$      | Escaped with the Orb!

Illustrated notes

Levels and vault maps discovered:
D:1:      matt_arrival_los_fun, layout_loops_ring,
          shapermc_ecumenical_altar_hornbeckon, kennysheep_doodads,
          minmay_misc_feat_hallway, minmay_tetromino_i4
D:2:      layout_loops_ring, serial_shops, shop, shop_coins,
          nicolae_diamond_shop, uniq_crazy_yiuf_cottage
D:3:      layout_loops_ring, portal_sewer_entry_b, serial_shops,
          nicolae_diamond_shop, nicolae_grassy_gnolls
D:4:      cheibrodos_thug_alley, layout_gridville,
          nicolae_yredelemnul_corpse_copse, hellmonk_ghost_happy_afterlife,
          uniq_robin, uniq_grinder
D:5:      layout_basic, mainiacjoe_overflow_catwalk, uniq_pikel
D:6:      layout_gridville, nicolae_qazlal_style_of_elements,
          nicolae_overflow_crystal_walls, mainiacjoe_overflow_24_doors,
          uniq_maggie
D:7:      layout_basic, jmf_multi_god_temple, mainiacjoe_overflow_alcove_2,
          minmay_temple_entry_junction_2
D:8:      layout_rooms
D:9:      layout_big_octagon
D:10:     layout_basic, mainiacjoe_overflow_swirl, hex_intersection
D:11:     gammafunk_wand_slinger, layout_basic, minmay_lair_entry_grove,
          orc_0_dummy, chequers_big_river
D:12:     layout_stronghold, enter_trove_5, minmay_misc_feat_tiny
D:13:     layout_cave_pods, serial_shops, shop
D:14:     layout_gridville, hangedman_vaults_entry_quadrant_bands,
          trog_ov_bears_minmay, uniq_louise, uniq_frances
D:15:     grunt_enter_depths_hoard, layout_cave_pools,
          gammafunk_ghost_necromancy, serial_park, serial_park_tiny_2,
          serial_park_square2, serial_park_tiny_pond, uniq_kirke
Lair:1:   layout_cave_shapes, basic_altar
Lair:2:   layout_roguey [special_room_bee], minmay_swamp_entry_worms,
          chequers_serial_rivers_small_a, nzn_random_ring
Lair:3:   layout_chaotic_city, spider_nest_entry_rubble,
          kennysheep_abandoned_house
Lair:4:   layout_regular_city, grunt_megastairs_2
Lair:5:   nzn_motion_control, layout_big_grid, gauntlet_entry_generic,
          portal_ice_cave_entry_imps
Lair:6:   gammafunk_lair_ancient_temple, layout_layer_cave,
          dpeg_slime_entry_corner, uniq_sonja
Swamp:1:  layout_falls_marsh, hangedman_swamp_ruin_wall
Swamp:2:  layout_basic_swamp, nicolae_swamp_ascending_descending, swamp_pool4,
          nicolae_swamp_wisp_ring_woods, infiniplex_staircase_pool
Swamp:3:  layout_falls_marsh, nicolae_swamp_triple_paths, uniq_aizul
Swamp:4:  swamp_fiery, layout_basic_swamp, swamp_pool2, lemuel_altar_in_water
Spider:1: layout_cave_pods, uniq_agnes
Spider:2: lemuel_spider_zombies, uniq_asterion
Spider:3: layout_spider_delve, nicolae_spider_baby_got_redback
Spider:4: hellmonk_spider_rune_endless_swarm, drop_trap
Orc:1:    nicolae_orc_accident_1, layout_caves
Orc:2:    pf_orc_diabolical, layout_diamond_mine, gammafunk_ghost_smash,
          serial_shops, nicolae_shop_trees, uniq_erolcha
Elf:1:    nicolae_elf_arrival_dilemma, layout_geoelf_grid, serial_shops, shop,
          minmay_elf_sorcery, lemuel_upstairs_altar
Elf:2:    elven_hall_of_blades_hangedman_original
          [nicolae_blade_entry_pointy_end], layout_loops_corners,
          portal_desolation_entry_nicolae_nacl, serial_shops, shop, shop, shop,
          nicolae_take_the_stairs
Elf:3:    minmay_elf_hall_x, layout_gridlike, serial_shops, shop_scrolls
Vaults:1: v_misc_18, kb_rosetta, grunt_vaults_twisty, hangedman_vaults_nails,
          v_pattern_5, v_misc_23, vaults_room_large_hall,
          hangedman_vaults_corner, nicolae_vaults_yaktaur_gun_rack,
          layout_vaults_ring, serial_shops, nicolae_shop_window_shopping
Vaults:2: ontoclasm_vaults_eye, hangedman_vaults_snaps,
          minmay_crypt_entry_simple_statues, v_misc_11, v_alt_pattern_5,
          layout_vaults_quadrants, serial_shops, nicolae_lakefront_shop,
          uniq_frederick
Vaults:3: hangedman_vaults_river_flow, nicolae_vaults_border_crossing,
          v_misc_25, st_cells, ontoclasm_vaults_pinch,
          layout_vaults_chaotic_city, serial_shops,
          nicolae_shop_advertising_works [nicolae_subvault_shop_adworks],
          uniq_margery
Vaults:4: nicolae_vaults_display_case, v_misc_19, v_misc_27,
          vaults_mumra_minichess_inversion, vaults_dpeg_hooks,
          hangedman_vaults_slither, v_misc_13, v_misc_22,
          nicolae_vaults_network_quinsquares
          [nicolae_vaults_network_quincunx_subvault,
          nicolae_vaults_network_quincunx_subvault,
          nicolae_vaults_network_quincunx_subvault,
          nicolae_vaults_network_quincunx_subvault], layout_vaults_maze_bifur,
          serial_shops, nicolae_shop_statue_plus, shop, shop, shop, shop
Vaults:5: serial_shops, uniq_bai_suzhen
Depths:1: layout_honeycomb, serial_shops, nicolae_shop_hallway_stairs,
          pf_vacation_house_of_asmodeus, nicolae_hepliaklqana_hippocampus,
          minmay_microvault, firewood_loft, kennysheep_random_hallway,
          minmay_shop_star
Depths:2: nzn_winding_woodlands_small
          [nzn_winding_woodlands_5x15_pathside_ponds,
          nzn_winding_woodlands_center_triple_pond,
          nzn_winding_woodlands_5x15_longhouse], layout_basic, enter_ziggurat_e,
          serial_rivers, chequers_serial_rivers_micro_c,
          chequers_serial_rivers_micro_c, chequers_serial_rivers_micro_d,
          chequers_serial_rivers_micro_c, chequers_serial_rivers_room_b,
          chequers_serial_rivers_micro_e, pan_entry, lightli_too_deep,
          abyss_entry, ebering_dispersal_statue_hall
Depths:3: minmay_the_grid_octo_tiled_octocenter
          [minmay_the_grid_octo_vomiting_pacman,
          minmay_the_grid_octo_tetromino_candy, minmay_the_grid_octo_toaster,
          minmay_the_grid_octo_concentric,
          minmay_the_grid_octo_prize_single_spiral,
          minmay_the_grid_square_5x5_minibox, minmay_the_grid_square_5x5_bridge,
          minmay_the_grid_square_5x5_sharp_hourglass,
          minmay_the_grid_square_5x5_two_walls_b], layout_cave_pools,
          abyss_entry, minmay_misc_feat_diagonals, pan_entry, hellmouth_1
Depths:4: grunt_zot_entry_alcove, layout_cave_pools, rand_demon_pan_entry_5,
          pf_hell_entry_tar_river, abyss_entry, nicolae_sif_muna_condensation
Zot:1:    layout_gridlike, uniq_vv
Zot:2:    layout_basic, hangedman_zot_diagonal_lockstep
Zot:3:    layout_onion
Zot:4:    layout_misc_corridors, bh_zot_lava_cross
Zot:5:    layout_misc_corridors

Skill      XL: |  1  2  3  4  5  6  7  8  9 10 11 12 13 14 15 16 17 18 19 20 21 22 23 24 25 |
---------------+----------------------------------------------------------------------------+-----
Fighting       | 2 3 4 6 8 9 11 12 14 15 16 18 19 20 21 23 24 25 26 | 26.2
Armour         | 2 4 7 9 11 12 14 15 16 17 18 19 21 22 23 24 | 24.4
Dodging        | 6 9 10 11 13 15 | 15.4
Invocations    | 2 5 6 9 12 14 15 16 17 18 19 20 | 20.9
Evocations     | 2 4 5 |  5.0
Axes           | 7 10 12 14 16 18 19 20 21 22 23 24 | 24.0
Throwing       | 4 |  4.0
Stealth        | |  3.6

Action                   |  1- 3 |  4- 6 |  7- 9 | 10-12 | 13-15 | 16-18 | 19-21 | 22-24 | 25-27 || total
-------------------------+-------+-------+-------+-------+-------+-------+-------+-------+-------++-------
Melee: Club              |    17 |       |       |       |       |       |       |       |       ||    17
       Short sword       |    43 |       |       |       |       |       |       |       |       ||    43
       Mace              |    24 |    12 |       |       |       |       |       |       |       ||    36
       Punch             |     1 |     2 |     5 |       |       |       |       |       |       ||     8
       Rapier            |       |   183 |   293 |       |       |       |       |       |       ||   476
       Broad axe         |       |       |    89 |    34 |       |       |       |       |       ||   123
       Battleaxe         |       |       |       |   632 |   492 |       |       |       |       ||  1124
       Flail             |       |       |       |     9 |       |       |       |       |       ||     9
       Trident           |       |       |       |    12 |    27 |       |       |       |       ||    39
       Executioner's axe |       |       |       |       |    60 |   965 |  1119 |  1201 |   328 ||  3673
Throw: Stone             |     4 |       |       |       |       |       |       |       |       ||     4
       Dart              |       |       |     3 |     3 |       |     4 |     3 |       |       ||    13
       Boomerang         |       |       |       |     9 |     1 |       |       |       |       ||    10
Invok: Lesser Servant of |       |       |       |     3 |     2 |     3 |       |       |       ||     8
       Greater Servant o |       |       |       |       |       |     1 |       |       |     3 ||     4
Evoke: Wand              |       |       |     4 |     5 |     4 |     2 |     2 |       |     5 ||    22
       Phial of floods   |       |       |       |       |       |       |       |     1 |       ||     1
  Use: Potion            |     4 |     1 |       |     2 |     2 |     2 |     2 |       |     5 ||    18
       Scroll            |     2 |     1 |     6 |    10 |     9 |     5 |     1 |    12 |     3 ||    49
 Stab: Sleeping          |     6 |     1 |     6 |       |       |       |       |       |       ||    13
       Invisible         |       |       |       |     5 |       |       |       |       |       ||     5
       Distracted        |       |       |       |       |     1 |     3 |       |       |     2 ||     6
Armor: Leather armour    |    22 |   109 |   111 |       |       |       |       |       |       ||   242
       Skin              |    14 |       |       |       |       |       |       |       |       ||    14
       Steam dragon scal |       |       |    33 |    13 |       |       |       |       |       ||    46
       Plate armour      |       |       |       |   544 |   420 |   633 |   703 |   415 |       ||  2715
       Gold dragon scale |       |       |       |       |       |       |       |   520 |   261 ||   781
Dodge: Dodged            |    68 |   224 |   270 |   361 |   337 |   360 |   466 |   607 |   154 ||  2847
Block: Other             |     3 |    65 |    85 |   137 |   118 |   393 |   401 |   164 |    42 ||  1408

Table legend: (Time is in decaauts)
 A = Elapsed time spent in this place.
 B = Non-inter-level travel time spent in this place.
 C = Inter-level travel time spent in this place.
 D = Time resting spent in this place.
 E = Time spent auto-exploring this place.
 F = Levels seen in this place.
 G = Mean time per level.
                   A        B        C        D        E       F      G
               +--------+--------+--------+--------+--------+-----+--------+
         Total |  22023 |  19894 |   2129 |    203 |      0 |  53 |  415.5 |
       Dungeon |   6921 |   6344 |    577 |     88 |      0 |  15 |  461.4 |
          Lair |   2937 |   2398 |    539 |     26 |      0 |   6 |  489.5 |
         Swamp |   1468 |   1376 |     92 |      0 |      0 |   4 |  367.0 |
   Spider Nest |   2015 |   1863 |    152 |      0 |      0 |   4 |  503.8 |
  Orcish Mines |    794 |    696 |     98 |      0 |      0 |   2 |  397.0 |
   Elven Halls |   1178 |   1137 |     41 |      0 |      0 |   3 |  392.7 |
        Vaults |   2782 |   2227 |    555 |      0 |      0 |   5 |  556.4 |
        Depths |   1586 |   1513 |     73 |      0 |      0 |   4 |  396.5 |
           Zot |   1185 |   1185 |      0 |      0 |      0 |   5 |  237.0 |
         Trove |     42 |     42 |      0 |      0 |      0 |   1 |   42.0 |
         Sewer |    203 |    203 |      0 |     89 |      0 |   1 |  203.0 |
      Ice Cave |    256 |    256 |      0 |      0 |      0 |   1 |  256.0 |
    Desolation |    438 |    438 |      0 |      0 |      0 |   1 |  438.0 |
      Gauntlet |    210 |    210 |      0 |      0 |      0 |   1 |  210.0 |
               +--------+--------+--------+--------+--------+-----+--------+

Top non-repeatable levels by time:
Vaults:5: 978 daAuts
Vaults:4: 912 daAuts
    D:11: 778 daAuts
    D:10: 712 daAuts
     D:4: 673 daAuts
   Orc:2: 637 daAuts
  Lair:2: 624 daAuts
   Elf:1: 587 daAuts
   Zot:5: 586 daAuts
Spider:2: 575 daAuts
   Elf:2: 569 daAuts
    D:14: 549 daAuts
  Lair:3: 546 daAuts
     D:5: 531 daAuts
Spider:4: 529 daAuts
